 Dungeon Crawl Stone Soup version 0.32-a0-450-g080537f31e (webtiles) character file.

Game seed: 2134978224712034406

208 Dittersdorf the Shield-Bearer (level 5, -12/34 HPs)
             Began as a Gargoyle Fighter on Feb 23, 2024.
             Mangled by an ogre
             ... wielding a +0 giant club
              (31 damage)
             ... on level 4 of the Dungeon.
             The game lasted 00:02:25 (2728 turns).

Dittersdorf the Shield-Bearer (Gargoyle Fighter)    Turns: 2728, Time: 00:02:25

Health: -12/34     AC: 12    Str: 21    XL:     5   Next: 86%
Magic:  5/5        EV:  9    Int:  9    God:
Gold:   81         SH:  9    Dex:  9    Spells: 4/4 levels left

rFire   . . .        a - +0 flail
rCold   . . .        c - +0 buckler
rNeg    + . .        b - +0 scale mail
rPois   ∞            (no helmet)
rElec   +            (no cloak)
rCorr   .            m - +0 pair of gloves
SInv    .            (no boots)
Will    .....        o - amulet of reflection Stlth
                     (no ring)
HPRegen 0.25/turn    (no ring)
MPRegen 0.09/turn

%: reflection
@: studying Unarmed Combat
A: sickness immunity, AC +4, negative energy resistance 1, electricity
resistance, torment resistance 1, petrification resistance
a: no special abilities


You were on level 4 of the Dungeon.
You visited 1 branch of the dungeon, and saw 4 of its levels.

You collected 136 gold pieces.
You spent 55 gold pieces at shops.

Inventory:

Hand Weapons
 a - a +0 flail (weapon)
Armour
 b - a +0 scale mail (worn)
 c - a +0 buckler (worn)
 m - a +0 pair of gloves (worn)
Magical Staves
 w - a staff of earth
Jewellery
 o - an amulet of reflection (around neck)
Wands
 r - a wand of roots (5)
Scrolls
 f - a scroll of fear {unknown}
 g - a scroll of noise {unknown}
 j - a scroll of fog {unknown}
 l - a scroll of blinking {unknown}
 n - a scroll of enchant weapon {unknown}
 s - a scroll of enchant armour {unknown}
 t - a scroll of identify {unknown}
 u - a scroll of revelation {unknown}
 v - a scroll of vulnerability {unknown}
 y - a scroll of teleportation {unknown}
Potions
 d - 2 potions of might
 e - 2 potions of curing {unknown}
 h - 2 potions of magic {unknown}
 i - a potion of resistance {unknown}
 k - a potion of haste {unknown}
 p - 2 potions of heal wounds
 q - a potion of brilliance {unknown}
 x - 2 potions of lignification {unknown}


   Skills:
 + Level 4.4 Fighting
 + Level 3.3 Maces & Flails
 + Level 4.4 Armour
 + Level 4.4 Shields


You had 4 spell levels left.
You didn't know any spells.
Your spell library contained the following spells:

 Spells                   Type           Power      Damage    Failure   Level
 Apportation              Tloc           0%         N/A       78%         1
 Ensorcelled Hibernation  Hex/Ice        0%         N/A       89%         2
 Jinxbite                 Hex            0%         N/A       89%         2
 Passwall                 Erth           0%         N/A       98%         3
 Swiftness                Air            0%         N/A       98%         3
 Alistair's Intoxication  Alch           0%         N/A       100%        5


Dungeon Overview and Level Annotations

Branches:
Dungeon (4/15)
 Temple: D:4-7

Altars:

Shops:
D:3 !

Annotations:
D:3 1 runed translucent door, Crazy Yiuf


Innate Abilities, Weirdness & Mutations

You are immune to sickness and miasma.
Your stone body is resilient. (AC +4)
You are immune to poison.
You resist negative energy. (rN+)
You are resistant to electric shocks. (rElec)
You are resistant to unholy torment.
You are immune to petrification.


Message History

You kill the bombardier beetle!
No target in view!
No target in view!
No target in view!
No target in view!
No target in view!
No target in view!
No target in view!
No target in view!
No target in view!
No target in view!
No target in view!
No target in view!
No target in view!
No target in view!
No target in view!
No target in view!
No target in view!
No target in view!
HP restored.
You see here a jackal corpse.
You open the door.
An ogre comes into view. It is wielding a +0 giant club.
The ogre shouts!
An ogre is nearby!
The ogre barely misses you.
There is an open door here.
You sock the ogre!
The ogre is heavily wounded.
The ogre hits you with a +0 giant club.
You sock the ogre!
The ogre is severely wounded.
The ogre hits you with a +0 giant club!
You hit the ogre.
The ogre is almost dead.
You hit the ogre but do no damage.
The ogre is almost dead.
The ogre hits you with a +0 giant club!!
Ouch! That really hurt!
You die...

##+##.##.. ....#....
#...... ....+....#
#...... #...#....#
+......
#...#....#####....#
#...#.......##..>.#
+...+.......#......
#.O.#.......#......
##@##.......##'##.#
+###...####†#......#.#
#...........††#......#..
#.............#......#..
#.............#......#..
###############......###
########


You could see an ogre.

Vanquished Creatures
  The ghost of zenocrate the Sneak, a weakling DsDe (D:3)
  A bombardier beetle (D:4)
  4 adders
  A dart slug (D:2)
  4 ribbon worms
  4 orcs (D:3)
  7 ball pythons
  6 endoplasms
  4 giant cockroaches
  8 goblins
  7 hobgoblins
  11 jackals
  3 kobolds
  9 bats
  6 frilled lizards
  3 rats
79 creatures vanquished.

Notes
Turn   | Place    | Note
-------+----------+-------------------------------------------
     0 | D:1      | Dittersdorf the Gargoyle Fighter began the quest for the
                  | Orb.
     0 | D:1      | Reached XP level 1. HP: 14/14 MP: 1/1
   242 | D:1      | Reached XP level 2. HP: 14/19 MP: 2/2
   528 | D:1      | Reached XP level 3. HP: 20/23 MP: 3/3
  1021 | D:1      | Found a faded altar of an unknown god.
  1334 | D:2      | Reached XP level 4. HP: 26/29 MP: 4/4
  2025 | D:3      | Found Fiemn's Distillery.
  2038 | D:3      | Bought a potion of heal wounds for 55 gold pieces
  2191 | D:3      | Found a runed translucent door.
  2191 | D:3      | Noticed zenocrate's ghost (weakling DsDe)
  2252 | D:3      | Reached XP level 5. HP: 31/33 MP: 5/5
  2400 | D:3      | Found a runed translucent door.
  2401 | D:3      | Noticed Crazy Yiuf
  2437 | D:3      | You fall into a shaft and drop 1 floor!
  2576 | D:3      | Killed zenocrate's ghost
  2723 | D:4      | Noticed an ogre
  2728 | D:4      | Mangled by an ogre

Illustrated notes

Levels and vault maps discovered:
D:1:      arrival_zaba_pyramid, layout_basic,
          hellmonk_ecumenical_altar_inner_sanctum, minmay_misc_feat_diagonals,
          minmay_small_reverse_x
D:2:      layout_loops_cross
D:3:      layout_rooms, hellmonk_ghost_happy_afterlife, serial_shops, shop,
          st_stairs_14, uniq_crazy_yiuf_cottage
D:4:      layout_gridville, mainiacjoe_overflow_chevrons, grunt_decor_arrowhead,
          uniq_ijyb, uniq_robin

Skill      XL: |  1  2  3  4 |
---------------+-------------+-----
Fighting       | 4 |  4.4
Shields        | 4 |  4.4
Armour         | 4 |  4.4
Maces & Flails | 3 |  3.3

Action                     |  1- 3 |  4- 6 || total
---------------------------+-------+-------++-------
  Melee: Flail             |   142 |   199 ||   341
 Armour: Scale mail        |   125 |   141 ||   266
  Dodge: Dodged            |    82 |    83 ||   165
  Block: Buckler           |    25 |    97 ||   122
         Reflection        |       |     2 ||     2

Table legend: (Time is in decaauts)
 A = Elapsed time spent in this place.
 B = Non-inter-level travel time spent in this place.
 C = Inter-level travel time spent in this place.
 D = Time resting spent in this place.
 E = Time spent auto-exploring this place.
 F = Levels seen in this place.
 G = Mean time per level.
                   A        B        C        D        E       F      G
               +--------+--------+--------+--------+--------+-----+--------+
         Total |   2828 |   2682 |    146 |     31 |   1895 |   4 |  707.0 |
       Dungeon |   2828 |   2682 |    146 |     31 |   1895 |   4 |  707.0 |
               +--------+--------+--------+--------+--------+-----+--------+

Top non-repeatable levels by time:
     D:1: 1225 daAuts
     D:2: 853 daAuts
     D:3: 627 daAuts
     D:4: 121 daAuts
